APL (24 & UNDER)
BEAVERTON BRONZE SOULS @ DETROIT DIRTY SNOW
06/13/2028
 
TOP OF THE 1ST
Beaverton Bronze Souls batting - Pitching for Detroit Dirty Snow : RHP Dustin Lynch
Pitching: RHP Dustin Lynch
Batting: LHB Alonso Contreras 0-0: Foul Ball, location: 2F
0-1: Called Strike
0-2: Strikes out swinging
Batting: LHB Gabriel Aguilera 0-0: Called Strike
0-1: Ball
1-1: Called Strike
1-2: Foul Ball, location: 2F
1-2: Ball
2-2: Ball
3-2: Foul Ball, location: 2F
3-2: Ground out 6-3 (Groundball, 6)
Batting: SHB Felipe Castro 0-0: Called Strike
0-1: Ground out U3 (Groundball, 3)
Top of the 1st over - 0 run(s), 0 hit(s), 0 error(s), 0 left on base; Beaverton 0 - Detroit 0
BOTTOM OF THE 1ST
Detroit Dirty Snow batting - Pitching for Beaverton Bronze Souls : LHP Jeff Brennan
Pitching: LHP Jeff Brennan
Batting: SHB Cristián López 0-0: Called Strike
0-1: Foul Ball, location: 2F
0-2: Ball
1-2: Ball
2-2: Strikes out swinging, 2-3 out at first.
Batting: RHB Kelsey Scott 0-0: Ball
1-0: Called Strike
1-1: Called Strike
1-2: Foul Ball, location: 2F
1-2: DOUBLE (Groundball, 5L)
Batting: LHB Félix Costa 0-0: Foul Ball, location: 2F
0-1: Ball
1-1: Foul Ball, location: 2F
1-2: Foul Ball, location: 2F
1-2: 2-RUN HOME RUN (Flyball, 89XD), Distance : 423 ft
Batting: RHB Carlos Rocha 0-0: Ball
1-0: Foul Ball, location: 2F
1-1: Ball
2-1: SOLO HOME RUN (Flyball, 7D), Distance : 380 ft
Batting: RHB Gary Wyatt 0-0: Called Strike
0-1: Swinging Strike
0-2: Ball
1-2: Ball
2-2: Ball
3-2: SINGLE (Groundball, 4MD)
Batting: RHB Charlie O'Farrell 0-0: Foul Ball, location: 2F
0-1: Ball
1-1: Called Strike
1-2: Strikes out looking
Batting: SHB Alan Garland 0-0: Foul Ball, location: 2F
0-1: Foul Ball, location: 2F
0-2: Foul Ball, location: 2F
0-2: Ball
1-2: Ball
2-2: Fielders Choice at 2nd, 5-4 (Groundball, 56)
Bottom of the 1st over - 3 run(s), 4 hit(s), 0 error(s), 0 left on base; Beaverton 0 - Detroit 3
TOP OF THE 2ND
Beaverton Bronze Souls batting - Pitching for Detroit Dirty Snow : RHP Dustin Lynch
Batting: RHB Rusty Anderson 0-0: Fly out, F3 (Line Drive, 34)
Batting: LHB Juan Palácios 0-0: Ball
1-0: Ball
2-0: Ball
3-0: Base on Balls
Batting: RHB Juan Becerra 0-0: Foul Ball, location: 2F
0-1: Ball
1-1: Called Strike
1-2: Strikes out looking
Batting: SHB Alberto Sandoval 0-0: Called Strike
0-1: Ball
1-1: Swinging Strike
1-2: Ball
2-2: Ball
3-2: DOUBLE (Groundball, 3L)
Juan Palácios to third
Juan Palácios scores
Pitching: LHP Marcos Ortíz
Batting: RHB Ed Fuhrman 0-0: Called Strike
0-1: Called Strike
0-2: Ball
1-2: Strikes out swinging
Top of the 2nd over - 1 run(s), 1 hit(s), 0 error(s), 1 left on base; Beaverton 1 - Detroit 3
BOTTOM OF THE 2ND
Detroit Dirty Snow batting - Pitching for Beaverton Bronze Souls : LHP Jeff Brennan
Batting: SHB Víctor Torres 0-0: Foul Ball, location: 2F
0-1: Ball
1-1: Foul Ball, location: 2F
1-2: Strikes out swinging
Batting: RHB Manuel Flores 0-0: Ball
1-0: Foul Ball, location: 2F
1-1: Ground out 4-3 (Groundball, 4)
Batting: SHB Cristián López 0-0: Fly out, F8 (Line Drive, 8LM)
Bottom of the 2nd over - 0 run(s), 0 hit(s), 0 error(s), 0 left on base; Beaverton 1 - Detroit 3
TOP OF THE 3RD
Beaverton Bronze Souls batting - Pitching for Detroit Dirty Snow : LHP Marcos Ortíz
Batting: SHB Caleb Hart 0-0: Foul Ball, location: 2F
0-1: Called Strike
0-2: Foul Ball, location: 2F
0-2: Ball
1-2: Strikes out swinging
Batting: LHB Alonso Contreras 0-0: Ground out U3 (Groundball, 34S)
Batting: LHB Gabriel Aguilera 0-0: Ball
1-0: Ball
2-0: Called Strike
2-1: Fly out, F8 (Flyball, 8LS)
Top of the 3rd over - 0 run(s), 0 hit(s), 0 error(s), 0 left on base; Beaverton 1 - Detroit 3
BOTTOM OF THE 3RD
Detroit Dirty Snow batting - Pitching for Beaverton Bronze Souls : LHP Jeff Brennan
Batting: RHB Kelsey Scott 0-0: Called Strike
0-1: Called Strike
0-2: Ball
1-2: Ball
2-2: Ball
3-2: Base on Balls
Batting: LHB Félix Costa 0-0: Ball
1-0: Foul Ball, location: 2F
1-1: SINGLE (Groundball, 56D)
Kelsey Scott to second
Batting: RHB Carlos Rocha 0-0: Ball
1-0: Ball
2-0: Called Strike
2-1: Called Strike
2-2: Ball
3-2: Strikes out swinging
Batting: RHB Gary Wyatt 0-0: Called Strike
0-1: Called Strike
0-2: Fielders Choice at 2nd, 3-6 (Groundball, 34)
Kelsey Scott to third
Batting: RHB Charlie O'Farrell 0-0: Ball
1-0: Ball
2-0: Foul Ball, location: 2F
2-1: Ball
3-1: Reached on error, E5 (Groundball, 56S)
Kelsey Scott scores
Gary Wyatt to third
Batting: SHB Alan Garland 0-0: Called Strike
0-1: Ground out 3-1 (Groundball, 34)
Bottom of the 3rd over - 1 run(s), 1 hit(s), 1 error(s), 2 left on base; Beaverton 1 - Detroit 4
TOP OF THE 4TH
Beaverton Bronze Souls batting - Pitching for Detroit Dirty Snow : LHP Marcos Ortíz
Batting: SHB Felipe Castro 0-0: Ball
1-0: Ball
2-0: SOLO HOME RUN (Flyball, 7D), Distance : 379 ft
Batting: RHB Rusty Anderson 0-0: Called Strike
0-1: Foul Ball, location: 2F
0-2: Ball
1-2: Ball
2-2: Strikes out swinging
Batting: LHB Juan Palácios 0-0: Called Strike
0-1: Foul Ball, location: 2F
0-2: Strikes out swinging
Batting: RHB Juan Becerra 0-0: Ball
1-0: Ball
2-0: Called Strike
2-1: Ball
3-1: Base on Balls
Batting: SHB Alberto Sandoval 0-0: Ball
1-0: Called Strike
1-1: Foul Ball, location: 2F
1-2: Strikes out swinging
Top of the 4th over - 1 run(s), 1 hit(s), 0 error(s), 1 left on base; Beaverton 2 - Detroit 4
BOTTOM OF THE 4TH
Detroit Dirty Snow batting - Pitching for Beaverton Bronze Souls : LHP Jeff Brennan
Batting: SHB Víctor Torres 0-0: Called Strike
0-1: Swinging Strike
0-2: Ball
1-2: Strikes out looking
Batting: RHB Manuel Flores 0-0: Called Strike
0-1: Ground out 5-3 (Groundball, 56S)
Batting: SHB Cristián López 0-0: Ball
1-0: Swinging Strike
1-1: Ball
2-1: Ball
3-1: Foul Ball, location: 2F
3-2: Foul Ball, location: 2F
3-2: Ground out 6-3 (Groundball, 6)
Bottom of the 4th over - 0 run(s), 0 hit(s), 0 error(s), 0 left on base; Beaverton 2 - Detroit 4
TOP OF THE 5TH
Beaverton Bronze Souls batting - Pitching for Detroit Dirty Snow : LHP Marcos Ortíz
Batting: RHB Ed Fuhrman 0-0: Ball
1-0: Ball
2-0: Ground out 4-3 (Groundball, 4)
Batting: SHB Caleb Hart 0-0: Ground out 6-3 (Groundball, 6)
Batting: LHB Alonso Contreras 0-0: Swinging Strike
0-1: Foul Ball, location: 2F
0-2: Strikes out swinging, 2-3 out at first.
Top of the 5th over - 0 run(s), 0 hit(s), 0 error(s), 0 left on base; Beaverton 2 - Detroit 4
BOTTOM OF THE 5TH
Detroit Dirty Snow batting - Pitching for Beaverton Bronze Souls : LHP Jeff Brennan
Pitching: LHP Al McGuire
Batting: RHB Kelsey Scott 0-0: Foul Ball, location: 2F
0-1: Ground out 6-3 (Groundball, 6)
Batting: LHB Félix Costa 0-0: Called Strike
0-1: Swinging Strike
0-2: Ball
1-2: DOUBLE (Line Drive, 7LS)
Batting: RHB Carlos Rocha 0-0: Fly out, F8 (Flyball, 8RS)
Batting: RHB Gary Wyatt 0-0: Ball
Wild Pitch!
Félix Costa to third
1-0: Ball
2-0: Foul Ball, location: 2F
2-1: Ball
3-1: Base on Balls
Batting: RHB Charlie O'Farrell 0-0: Foul Ball, location: 2F
0-1: Swinging Strike
0-2: Strikes out swinging
Bottom of the 5th over - 0 run(s), 1 hit(s), 0 error(s), 2 left on base; Beaverton 2 - Detroit 4
TOP OF THE 6TH
Beaverton Bronze Souls batting - Pitching for Detroit Dirty Snow : LHP Marcos Ortíz
Batting: LHB Gabriel Aguilera 0-0: Ground out 6-3 (Groundball, 6)
Batting: SHB Felipe Castro 0-0: Ball
1-0: SINGLE (Line Drive, 56D)
Batting: RHB Rusty Anderson 0-0: Grounds into double play, 5-4-3 (Groundball, 5)
Top of the 6th over - 0 run(s), 1 hit(s), 0 error(s), 0 left on base; Beaverton 2 - Detroit 4
BOTTOM OF THE 6TH
Detroit Dirty Snow batting - Pitching for Beaverton Bronze Souls : LHP Al McGuire
Batting: SHB Alan Garland 0-0: Ball
1-0: Swinging Strike
1-1: SINGLE (Line Drive, 7)
Batting: SHB Víctor Torres 0-0: Called Strike
0-1: Called Strike
0-2: Ball
1-2: Strikes out swinging
Batting: RHB Manuel Flores 0-0: SINGLE (Flyball, 78M)
Alan Garland to second
Batting: SHB Cristián López 0-0: Called Strike
0-1: Called Strike
0-2: Ball
1-2: Strikes out swinging
Batting: RHB Kelsey Scott 0-0: Called Strike
0-1: Ball
1-1: SINGLE (Line Drive, 6M)
Alan Garland to third
Manuel Flores to second
Runner from 3rd tries for Home, SAFE, no throw
Batting: LHB Félix Costa 0-0: Called Strike
0-1: Swinging Strike
0-2: Foul Ball, location: 2F
0-2: Ball
1-2: Strikes out swinging
Bottom of the 6th over - 1 run(s), 3 hit(s), 0 error(s), 2 left on base; Beaverton 2 - Detroit 5
TOP OF THE 7TH
Beaverton Bronze Souls batting - Pitching for Detroit Dirty Snow : LHP Marcos Ortíz
Batting: LHB Juan Palácios 0-0: Foul Ball, location: 2F
0-1: Ground out 6-3 (Groundball, 6)
Pitching: RHP Vaughan Horne
Batting: RHB Juan Becerra 0-0: Ground out 5-3 (Groundball, 5)
Batting: SHB Alberto Sandoval 0-0: Foul Ball, location: 2F
0-1: Foul Ball, location: 2F
0-2: Strikes out swinging
Top of the 7th over - 0 run(s), 0 hit(s), 0 error(s), 0 left on base; Beaverton 2 - Detroit 5
BOTTOM OF THE 7TH
Detroit Dirty Snow batting - Pitching for Beaverton Bronze Souls : LHP Al McGuire
Batting: RHB Carlos Rocha 0-0: Ball
1-0: Ball
2-0: Ball
3-0: Base on Balls
Batting: RHB Gary Wyatt 0-0: Called Strike
0-1: Ball
1-1: Ball
2-1: Foul Ball, location: 2F
2-2: Strikes out swinging
Batting: RHB Charlie O'Farrell 0-0: Ball
1-0: Foul Ball, location: 2F
1-1: Ball
2-1: Ball
3-1: Base on Balls
Carlos Rocha to second
Batting: SHB Alan Garland 0-0: Ball
1-0: Called Strike
1-1: Ball
2-1: Fielders Choice at 2nd, 5-4 (Groundball, 56)
Carlos Rocha to third
Batting: SHB Víctor Torres 0-0: Ball
1-0: Foul Ball, location: 2F
1-1: Ball
2-1: SINGLE (Flyball, 8LS)
Carlos Rocha scores
Alan Garland to second
Pitching: RHP Roberto Deleón
Batting: RHB Manuel Flores 0-0: Ball
1-0: Foul Ball, location: 2F
1-1: Ball
2-1: Foul Ball, location: 2F
2-2: Ball
3-2: Foul Ball, location: 2F
3-2: Base on Balls
Alan Garland to third
Víctor Torres to second
Batting: SHB Cristián López 0-0: Called Strike
0-1: Foul Ball, location: 2F
0-2: Ball
1-2: Ball
2-2: Fly out, F8 (Line Drive, 89M)
Bottom of the 7th over - 1 run(s), 1 hit(s), 0 error(s), 3 left on base; Beaverton 2 - Detroit 6
TOP OF THE 8TH
Beaverton Bronze Souls batting - Pitching for Detroit Dirty Snow : RHP Vaughan Horne
Batting: RHB Ed Fuhrman 0-0: Ball
1-0: Swinging Strike
1-1: Swinging Strike
1-2: Foul Ball, location: 2F
1-2: Foul Ball, location: 2F
1-2: Ball
2-2: Foul Ball, location: 2F
2-2: Strikes out swinging
Batting: SHB Caleb Hart 0-0: Foul Ball, location: 2F
0-1: Ball
1-1: Ground out 6-3 (Groundball, 6)
Batting: LHB Alonso Contreras 0-0: Ball
1-0: Called Strike
1-1: Ball
2-1: Foul Ball, location: 2F
2-2: Foul Ball, location: 2F
2-2: Ball
3-2: Foul Ball, location: 2F
3-2: Strikes out looking
Top of the 8th over - 0 run(s), 0 hit(s), 0 error(s), 0 left on base; Beaverton 2 - Detroit 6
BOTTOM OF THE 8TH
Detroit Dirty Snow batting - Pitching for Beaverton Bronze Souls : RHP Roberto Deleón
Batting: RHB Kelsey Scott 0-0: Called Strike
0-1: Ball
1-1: Ball
2-1: Foul Ball, location: 2F
2-2: Ball
3-2: Foul Ball, location: 2F
3-2: Foul Ball, location: 2F
3-2: Base on Balls
Batting: LHB Félix Costa 0-0: Ball
1-0: Called Strike
1-1: Ball
2-1: Ball
3-1: Base on Balls
Kelsey Scott to second
Batting: RHB Carlos Rocha 0-0: Ball
1-0: Ball
2-0: 3-RUN HOME RUN (Flyball, 78XD), Distance : 429 ft
Pitching: RHP Arturo García
Batting: RHB Gary Wyatt 0-0: Ball
1-0: Called Strike
1-1: Foul Ball, location: 2F
1-2: Strikes out swinging
Batting: RHB Charlie O'Farrell 0-0: Called Strike
0-1: Ball
1-1: Ball
2-1: Foul Ball, location: 2F
2-2: Ball
3-2: Ground out 4-3 (Groundball, 4)
Batting: SHB Alan Garland 0-0: Called Strike
0-1: Ground out 4-3 (Groundball, 4)
Bottom of the 8th over - 3 run(s), 1 hit(s), 0 error(s), 0 left on base; Beaverton 2 - Detroit 9
TOP OF THE 9TH
Beaverton Bronze Souls batting - Pitching for Detroit Dirty Snow : RHP Vaughan Horne
Batting: LHB Gabriel Aguilera 0-0: Ball
1-0: Ball
2-0: Called Strike
2-1: Swinging Strike
2-2: Hit by Pitch
Batting: SHB Felipe Castro 0-0: Foul Ball, location: 2F
0-1: Ball
1-1: Swinging Strike
1-2: Strikes out swinging
Batting: RHB Rusty Anderson 0-0: Swinging Strike
0-1: Swinging Strike
0-2: Fly out, F7 (Flyball, 7S)
Batting: LHB Juan Palácios 0-0: Foul Ball, location: 2F
0-1: Ball
1-1: Foul Ball, location: 2F
1-2: Foul Ball, location: 2F
1-2: Ball
2-2: Fielders Choice at 2nd, 5-4 (Groundball, 56)
Top of the 9th over - 0 run(s), 0 hit(s), 0 error(s), 0 left on base; Beaverton 2 - Detroit 9
Tuesday, August 8th, 2017 - OOTP Baseball 17.12 Build 75